AoeStats
← .ebz

Arena

504200407Analyzed
4v4 RM · 29d ago on Sep 4, 2026· 44m 41s· 8 players
Game mode
Random Map
Map size
Large (8 player)
Population
200
Speed
Normal
Resources
Standard
Victory
Conquest
Starting age
Dark Age
Ending age
Imperial Age
RankedLock teamsTeams togetherTeam positionsShared explorationLock speedFull tech treeHidden civsTurbo modeCheats
Victory
Defeat
🇦🇺 Magyars · Australia
1169
+14
🇵🇱 Bulgarians · Poland
1166
+14
🇨🇳 Spanish · China
1156
+15
🇨🇳 Ethiopians · China
1081
+18
🇺🇸 Cumans · United States
1230
-21
🇸🇪 Khitans · Sweden
1107
-14
🇨🇦 Gurjaras · Canada
1105
-14
🇫🇷 Byzantines · France
1056
-12
Ken
11:37 Feudal Age
16:00 Castle Age
14:05 Double-Bit Axe
17:39 Bow Saw
19:05 Loom
22:56 Horse Collar
24:11 Wheelbarrow
25:56 Scale Barding Armor
26:38 Forging
27:48 Chain Barding Armor
28:24 Iron Casting
28:59 Hand Cart
31:49 Ballistics
34:07 Imperial Age
32:13 Husbandry
32:23 Bloodlines
33:34 Padded Archer Armor
33:24 Fletching
34:16 Leather Archer Armor
36:14 Plate Barding Armor
36:39 Blast Furnace
36:11 Conscription
36:56 Ring Archer Armor
37:38 Cavalier
38:18 Bodkin Arrow
38:22 Murder Holes
41:10 Chemistry
40:12 Bracer
40:13 Scale Mail Armor
40:33 Paladin
40:47 Elite Skirmisher
43:00 Two-Man Saw
42:02 Heavy Plow
42:00 Gold Mining
42:01 Stone Mining
.ebz
5:07 Loom
11:14 Feudal Age
15:01 Castle Age
13:32 Double-Bit Axe
14:14 Horse Collar
14:26 Fletching
25:16 Bodkin Arrow
25:39 Murder Holes
26:57 Ballistics
26:35 Town Watch
28:19 Wheelbarrow
29:04 Scale Mail Armor
29:14 Forging
29:48 Masonry
30:46 Chain Mail Armor
30:29 Pikeman
32:33 Squires
34:35 Iron Casting
36:14 Hand Cart
43:13 Imperial Age
43:51 Capped Ram
44:09 Halberdier
furkanonal2018
11:00 Feudal Age
11:57 Double-Bit Axe
17:02 Castle Age
17:59 Horse Collar
18:31 Bow Saw
19:48 Heavy Plow
26:16 Wheelbarrow
25:34 Gold Mining
25:38 Stone Mining
26:17 Loom
28:07 Hand Cart
29:03 Gold Shaft Mining
29:01 Ballistics
29:00 Treadmill Crane
29:16 Fletching
29:26 Padded Archer Armor
29:37 Thumb Ring
29:56 Bodkin Arrow
30:20 Leather Archer Armor
33:53 Imperial Age
31:18 Town Watch
31:59 Husbandry
32:10 Bloodlines
34:07 Coinage
33:21 Elite Skirmisher
35:34 Chemistry
33:58 Heavy Cavalry Archer
35:03 Parthian Tactics
34:42 Bracer
35:12 Ring Archer Armor
34:47 Recurve Bow
35:08 Conscription
36:53 Masonry
36:49 Scale Barding Armor
37:47 Chain Barding Armor
38:11 Banking
38:30 Siege Engineers
39:43 Two-Man Saw
39:16 Elite Magyar Huszar
40:36 Plate Barding Armor
41:08 Hoardings
42:01 Corvinian Army
43:11 Caravan
阿霖
7:57 Loom
9:51 Feudal Age
14:51 Castle Age
17:36 Double-Bit Axe
18:25 Fletching
24:26 Crossbowman
29:38 Squires
29:42 Bodkin Arrow
30:51 Wheelbarrow
30:48 Ballistics
31:00 Thumb Ring
30:57 Town Watch
32:00 Forging
31:50 Padded Archer Armor
33:25 Hand Cart
37:20 Imperial Age
37:39 Onager
38:38 Bow Saw
38:11 Horse Collar
38:30 Gold Mining
38:33 Stone Mining
39:24 Siege Onager
40:53 Heavy Plow
41:55 Two-Man Saw
41:59 Torsion Engines
43:11 Chemistry
42:44 Conscription
Pointgiven
9:39 Feudal Age
14:05 Horse Collar
20:19 Castle Age
19:36 Scale Barding Armor
20:15 Double-Bit Axe
20:59 Bloodlines
22:35 Loom
25:47 Chain Barding Armor
29:28 Wheelbarrow
29:17 Forging
30:31 Gold Mining
31:24 Bow Saw
32:18 Heavy Plow
35:08 Imperial Age
33:58 Iron Casting
34:14 Hand Cart
35:01 Fletching
35:34 Padded Archer Armor
35:16 Cavalier
35:44 Elite Skirmisher
36:30 Thumb Ring
36:21 Bodkin Arrow
36:51 Ballistics
37:09 Leather Archer Armor
38:41 Blast Furnace
37:05 Light Cavalry
39:08 Chemistry
38:49 Ring Archer Armor
38:29 Hussar
41:57 Paladin
42:07 Capped Ram
44:05 Plate Barding Armor
The Outpost Man
12:02 Feudal Age
16:00 Castle Age
13:52 Double-Bit Axe
13:59 Gold Mining
13:59 Domestication
16:47 Pastoralism
17:00 Bow Saw
17:39 Wheelbarrow
16:50 Loom
24:14 Stone Mining
26:55 Fletching
27:05 Padded Archer Armor
28:39 Bodkin Arrow
29:00 Leather Archer Armor
29:05 Hand Cart
29:14 Ballistics
29:03 Heavy Cavalry Archer
29:49 Thumb Ring
31:23 Fortified Wall
35:24 Imperial Age
33:18 Forging
33:08 Scale Mail Armor
33:16 Scale Barding Armor
34:12 Husbandry
33:33 Light Cavalry
34:52 Iron Casting
35:46 Chain Barding Armor
36:17 Hussar
37:25 Parthian Tactics
36:32 Elite Skirmisher
37:14 Bracer
37:45 Ring Archer Armor
37:51 Plate Barding Armor
37:53 Town Watch
39:16 Chemistry
40:49 Ordo Cavalry
43:28 Scale Mail Armor
Testing_123
11:09 Feudal Age
14:55 Castle Age
13:07 Double-Bit Axe
14:05 Horse Collar
14:19 Gold Mining
16:30 Bow Saw
18:50 Loom
22:46 Wheelbarrow
23:01 Bloodlines
27:02 Heavy Plow
27:23 Hand Cart
30:40 Imperial Age
29:39 Fortified Wall
29:50 Ballistics
29:44 Thumb Ring
29:39 Fletching
31:27 Gold Shaft Mining
32:29 Bodkin Arrow
33:03 Elite Elephant Archer
33:59 Bracer
36:18 Chemistry
35:27 Padded Archer Armor
36:49 Elite Skirmisher
38:06 Leather Archer Armor
40:16 Husbandry
39:37 Light Cavalry
41:21 Scale Barding Armor
42:08 Conscription
Pegasus75
10:29 Feudal Age
11:46 Loom
15:37 Wheelbarrow
19:36 Castle Age
31:00 Elite Skirmisher
34:24 Fletching
Connection lost

Rejoining the realm…

Still unreachable

The connection could not be restored.

Session expired

The server has moved on; the page needs a fresh start.